 Dungeon Crawl Stone Soup version 0.22-a0-224-g8cf3520 (webtiles) character file.

9 Amnesiac the Poker (level 2, 18/24 HPs)
             Began as a Demonspawn Monk on Feb 19, 2018.
             Quit the game on level 1 of the Dungeon.
             The game lasted 00:00:25 (264 turns).

Amnesiac the Poker (Demonspawn Monk)                 Turns: 264, Time: 00:00:25

Health: 18/24      AC:  2    Str: 11    XL:     2   Next: 3%
Magic:  2/2        EV: 13    Int: 11    God:
Gold:   21         SH:  0    Dex: 15    Spells: 1/1 levels left

rFire    . . .     SeeInvis .   a - +0 spear
rCold    . . .     Gourm    .   (no shield)
rNeg     . . .     Faith    .   b - +0 robe
rPois    .         Spirit   .   (no helmet)
rElec    .         Reflect  .   (no cloak)
rCorr    .         Harm     .   (no gloves)
MR       .....                  (no boots)
Stlth    ++........             (no amulet)
HPRegen  0.08/turn              (no ring)
MPRegen  0.08/turn              (no ring)

@: no status effects
A: claws 1
a: no special abilities


You were on level 1 of the Dungeon.
You were not hungry.

You visited 1 branch of the dungeon, and saw 1 of its levels.

You collected 21 gold pieces.

Inventory:

Hand Weapons
 a - a +0 spear (weapon)
Missiles
 f - 2 stones (quivered)
Armour
 b - a +0 robe (worn)
Scrolls
 e - a scroll of identify {!r, unknown}
Comestibles
 c - 2 rations
 d - 5 chunks of flesh


   Skills:
 - Level 3.0 Fighting
 + Level 3.2 Polearms
 - Level 2.6 Dodging
 - Level 1.7 Stealth


You had one spell level left.
You didn't know any spells.

Dungeon Overview and Level Annotations

Branches:
Dungeon (1/15)

Altars:


Innate Abilities, Weirdness & Mutations

You have sharp fingernails.


Message History

d - 6 chunks of flesh (gained 3)
f - a stone
f - 2 stones (gained 1)
You see here a dagger.
A frilled lizard comes into view.
A frilled lizard is nearby!
A frilled lizard is nearby!
You miss the frilled lizard. The frilled lizard closely misses you.
A frilled lizard is nearby!
You barely miss the frilled lizard. The frilled lizard bites you.
A frilled lizard is nearby!
You closely miss the frilled lizard. The frilled lizard barely misses you.
A frilled lizard is nearby!
You hit the frilled lizard.
The frilled lizard is heavily wounded.
The frilled lizard barely misses you.
A frilled lizard is nearby!
You completely miss the frilled lizard.
The frilled lizard is heavily wounded.
The frilled lizard bites you.
* * * LOW HITPOINT WARNING * * *
A frilled lizard is nearby!
You hit the frilled lizard.
You kill the frilled lizard!
You butcher the frilled lizard corpse.
d - 7 chunks of flesh (gained 1)
Found a robe.
No target in view!
Found a club.
No target in view!
You start resting.
HP restored.
Some of the chunks of flesh in your inventory have rotted away.
A bat comes into view.
A bat is nearby!
A bat is nearby!
A bat is nearby!
A bat is nearby!
A giant cockroach comes into view.
There are monsters nearby!
Attack whom?
Press: ? - help, Dir - move target cursor, f - bat
Aim: a bat (resting)
You reach to attack!
The helpless bat fails to defend itself.
You hit the bat.
You kill the bat!
You have reached level 2!
Your demonic ancestry asserts itself...
Your fingernails lengthen.
A giant cockroach is nearby!
The giant cockroach bites you.
A giant cockroach is nearby!
You hit the giant cockroach but do no damage.
The giant cockroach bites you but does no damage.
A giant cockroach is nearby!
You hit the giant cockroach.
The giant cockroach is moderately wounded.
The giant cockroach barely misses you.
A giant cockroach is nearby!
You hit the giant cockroach.
The giant cockroach is heavily wounded.
The giant cockroach closely misses you.
Are you sure you want to abandon this character and quit the game? (Confirm with "yes".)

..# ..# ### ...# ..
#...# #.###....#
#.s..# #.# #.@#.#
#.# #....###.# ##
#.#.#....# #.
...........### ##.
###.####.....# ...
#.. ###.[...#######.
#.#.............###.
#. )###.....###.....
# #.....#######.


You could see a giant cockroach.

Vanquished Creatures
  A bat (D:1)
  2 goblins (D:1)
  A hobgoblin (D:1)
  A frilled lizard (D:1)
  2 kobolds (D:1)
  2 rats (D:1)
9 creatures vanquished.

Notes
Turn   | Place    | Note
-------+----------+-------------------------------------------
     0 | D:1      | Amnesiac the Demonspawn Monk began the quest for the Orb.
     0 | D:1      | Reached XP level 1. HP: 18/18 MP: 1/1
   259 | D:1      | Gained mutation: You have sharp fingernails. [demonic ancestry]
   259 | D:1      | Reached XP level 2. HP: 20/24 MP: 2/2
   264 | D:1      | Quit the game

Vault maps used:
D:1:      dpeg_arrival_simpleton_b

Skill      XL: |  1 |
---------------+----+-----
Polearms       | 3 |  3.2
Fighting       | |  3.0
Dodging        | |  2.6
Stealth        | |  1.7

Action                   || total
-------------------------++-------
Melee: Spear             ||    37
 Stab: Sleeping          ||     1
Armor: Robe              ||     2
Dodge: Dodged            ||    15

Table legend:
 A = Spawn XP
 B = Non-spawn XP
 C = Spawn XP percentage of total XP
 D = Spawn monster count
 E = Non-spawn monster count
 F = Spawn count percentage of total count
 G = Total turns spent on level
                    A         B        C        D         E        F      G
               +---------+---------+-------+---------+---------+-------+---------
         Total |       0 |      13 |   0.0 |       0 |       9 |   0.0 |   264
               +---------+---------+-------+---------+---------+-------+---------
           D:1 |       0 |      13 |   0.0 |       0 |       9 |   0.0 |   264
               +---------+---------+-------+---------+---------+-------+---------
